 Dungeon Crawl Stone Soup version 0.18.1-50-g88ac8fd (webtiles) character file.

482 magog001 the Shield-Bearer (level 7, -4/61 HPs)
             Began as a Hill Orc Fighter on Nov 20, 2016.
             Was an Initiate of Fedhas.
             Slain by a gnoll
             ... wielding a +0 halberd
              (12 damage)
             ... on level 4 of the Dungeon.
             The game lasted 00:19:40 (3489 turns).

magog001 the Shield-Bearer (Hill Orc Fighter)       Turns: 3489, Time: 00:19:40

Health: -4/61      AC: 13    Str: 26    XL:     7   Next: 12%
Magic:  7/7        EV:  5    Int:  8    God:    Fedhas [......]
Gold:   111        SH: 10    Dex: 10    Spells: 0 memorised, 6 levels left

rFire  . . .     SeeInvis .     a - +0 war axe
rCold  . . .     Gourm    .     n - +0 plate armour
rNeg   . . .     Faith    .     c - +0 shield
rPois  .         Spirit   .     (no helmet)
rElec  .         Dismiss  .     v - +0 cloak
rCorr  .         Reflect  .     (no gloves)
SustAt .         Harm     .     (no boots)
MR     .....                    (no amulet)
Stlth  ..........               (no ring)
                                (no ring)

@: mighty, not resistant to hostile enchantments, extremely unstealthy
A: no striking features
a: Renounce Religion


You were on level 4 of the Dungeon.
You worshipped Fedhas.
Fedhas was noncommittal.
You were not hungry.

You visited 1 branch of the dungeon, and saw 4 of its levels.

You collected 111 gold pieces.

Inventory:

Hand Weapons
 a - a +0 war axe (weapon)
 b - a +5 dagger
 j - a +1 dagger of speed
 u - a +0 dagger of venom
Missiles
 i - 4 curare-tipped needles
 p - 25 poisoned needles
Armour
 c - a +0 shield (worn)
 n - a +0 plate armour (worn)
 v - a +0 cloak (worn)
Scrolls
 h - 2 scrolls of identify
 s - 2 scrolls of amnesia
 t - a scroll of magic mapping {unknown}
 x - a scroll of blinking
 y - 2 scrolls of fear {unknown}
 A - 2 scrolls of teleportation
 B - a scroll of noise {unknown}
 C - a scroll of enchant weapon {unknown}
Potions
 d - a potion of might
 l - a potion of resistance {unknown}
 o - 2 potions of flight
 q - 2 potions of cure mutation
 r - a potion of haste {unknown}
 z - a potion of degeneration {unknown}
Comestibles
 f - 4 bread rations
 m - 2 meat rations
 w - a slice of pizza


   Skills:
 + Level 5.1 Fighting
 + Level 4.9 Axes
 + Level 5.1 Armour
 + Level 1.7 Dodging
 + Level 5.1 Shields


You had 6 spell levels left.
You didn't know any spells.

Dungeon Overview and Level Annotations

Branches:
Dungeon (4/15)             Temple (0/1) D:4

Altars:
Fedhas
Okawaru
Qazlal


Message History

an enchanted halberd; a gnoll corpse You slice the gnoll!!
You kill the gnoll!
The gnoll hits you from afar with a halberd.
* * * LOW HITPOINT WARNING * * *
The gnoll hits you but does no damage.
You see here a spear.
The gnoll hits you but does no damage.
You hit the gnoll.
The gnoll is lightly wounded.
The gnoll hits you with a halberd.
* * * LOW HITPOINT WARNING * * *
Your plate armour prevents you from hitting the gnoll.
The gnoll is lightly wounded.
The gnoll barely misses you.
You barely miss the gnoll.
The gnoll is lightly wounded.
The gnoll hits you with a halberd!
You die...
Fedhas appreciates your contribution to the ecosystem.

..<..###.# ###<.#
#.# #..# #.# ###
.# .....##.. ...
.. #.#.#.# ## #.#
.# ..#.#.# #.# .#
....#.# #.# .# ..
. ###.#
#.#####.###.###...
##
.......@))........
..
..#####g##.##.#..
.### ...
#..##.##.#.. .....
#..#.###..>..... #
#.._..#..###.##. #
###.#....# ..
#...#..###.#
#####......###
######..........


You could see a gnoll.

Vanquished Creatures
  2 hounds
  A gnoll shaman (D:4)
  Ijyb (D:2)
  Natasha (thrice) (D:2)
  An orc wizard (D:4)
  9 gnolls (D:4)
  9 adders
  2 adder skeletons (D:4)
  2 worms
  A dart slug (D:3)
  A giant gecko (D:1)
  8 orcs
  11 bats
  4 giant cockroaches
  10 hobgoblins
  2 quokkas
  6 ball pythons
  3 giant newts
  8 goblins
  4 kobolds
  A quokka skeleton (D:4)
  7 rats
96 creatures vanquished.

Vanquished Creatures (others)
  A toadstool (D:4)
1 creature vanquished.

Grand Total: 97 creatures vanquished

Notes
Turn   | Place    | Note
--------------------------------------------------------------
     0 | D:1      | magog001 the Hill Orc Fighter began the quest for the Orb.
     0 | D:1      | Reached XP level 1. HP: 19/19 MP: 1/1
   153 | D:1      | Reached XP level 2. HP: 27/27 MP: 2/2
   546 | D:2      | Reached XP level 3. HP: 31/33 MP: 3/3
   554 | D:2      | Found an iron altar of Okawaru.
   556 | D:2      | Noticed Ijyb
   577 | D:2      | Killed Ijyb
   577 | D:2      | Reached XP level 4. HP: 31/41 MP: 4/4
   892 | D:2      | Reached skill level 1 in Dodging
  1240 | D:2      | Noticed Natasha
  1247 | D:2      | Killed Natasha
  1247 | D:2      | Reached XP level 5. HP: 38/47 MP: 5/5
  1265 | D:2      | Noticed Natasha
  1274 | D:2      | Killed Natasha
  1404 | D:2      | Noticed Natasha
  1414 | D:2      | Killed Natasha
  1675 | D:3      | Reached XP level 6. HP: 50/53 MP: 6/6
  2964 | D:4      | Found a staircase to the Ecumenical Temple.
  3076 | D:4      | Reached skill level 5 in Fighting
  3076 | D:4      | Reached skill level 5 in Armour
  3076 | D:4      | Reached skill level 5 in Shields
  3086 | D:4      | Reached XP level 7. HP: 38/61 MP: 7/7
  3370 | D:4      | Found a blossoming altar of Fedhas.
  3386 | D:4      | Became a worshipper of Fedhas Madash
  3441 | D:4      | Found a stormy altar of Qazlal.
  3489 | D:4      | Slain by a gnoll

Skill      XL: |  1  2  3  4  5  6 |
---------------+-------------------+-----
Fighting       | 4 5 |  5.1
Axes           | 3 4 |  4.9
Armour         | 4 5 |  5.1
Dodging        | 1 |  1.7
Shields        | 4 5 |  5.1

Action                   |  1- 3 |  4- 6 |  7- 9 || total
-------------------------+-------+-------+-------++-------
Melee: War axe           |    69 |   293 |    33 ||   395
  Use: Scroll            |     2 |     6 |       ||     8
       Potion            |       |     1 |     3 ||     4
  Eat: Chunk             |       |     8 |     1 ||     9
Armor: Scale mail        |    43 |    43 |       ||    86
       Plate armour      |       |   118 |    38 ||   156
Dodge: Dodged            |    32 |    70 |     6 ||   108
Block: Shield            |    25 |   155 |    30 ||   210
       Buckler           |     8 |    13 |       ||    21
